 Dungeon Crawl Stone Soup version 0.31.0-11-ge490571c62 (webtiles) character file.

Game seed: 4300421102984131625

1159 sanka the Grappler (level 8, 0/75 HPs)
             Began as a Troll Monk on Jan 30, 2024.
             Slain by Pikel
             ... wielding a +2 whip of freezing
              (1 damage)
             ... on level 5 of the Dungeon.
             The game lasted 00:04:56 (3363 turns).

sanka the Grappler (Troll Monk)                     Turns: 3363, Time: 00:04:57

Health: 0/75       AC:  6    Str: 20    XL:     8   Next: 16%
Magic:  0/7        EV: 10    Int:  6    God:
Gold:   246        SH:  0    Dex: 14    Spells: 7/7 levels left

rFire   + .          .
                       - Unarmed
rCold   . . .        c - orb {light}
rNeg    . . .        a - +0 robe
rPois   .            (helmet restricted)
rElec   .            q - +1 cloak
rCorr   .            (gloves unavailable)
SInv    .            (boots unavailable)
Will    .....        k - amulet of guardian spirit
Stlth   +            s - ring of flight
HPRegen 1.12/turn    f - ring of protection from fire
MPRegen 0.10/turn

%: guardian spirit
@: flying, glowing, studying 2 skills
A: large, unfitting armour, claws 3, regeneration 1, shaggy fur 1, tough skin 1
a: no special abilities


You were on level 5 of the Dungeon.
You visited 1 branch of the dungeon, and saw 5 of its levels.

You collected 246 gold pieces.


Innate Abilities, Weirdness & Mutations

You are too large for most types of armour.
You have claws for hands.
Your natural rate of healing is unusually fast.
You are covered in fur. (AC +1)
You have tough skin. (AC +1)


   Skills:
 + Level 3.1 Fighting
 - Level 2.4 Dodging
 - Level 10.0 Unarmed Combat


You had 7 spell levels left.
You didn't know any spells.
Your spell library contained the following spells:

 Spells                   Type           Power      Damage    Failure   Level
 Apportation              Tloc           0%         N/A       45%         1
 Necrotise                Necr           0%         1d4       45%         1
 Sting                    Conj/Alch      0%         1d3       45%         1
 Summon Small Mammal      Summ           0%         N/A       45%         1

Inventory:

Missiles
 l - 5 large rocks {=f}
Armour
 a - a +0 robe (worn)
 c - an orb of light (worn)
 q - a +1 cloak (worn)
Jewellery
 f - a ring of protection from fire (right claw)
 k - an amulet of guardian spirit (around neck)
 r - a ring of see invisible
 s - a ring of flight (left claw)
Scrolls
 h - a scroll of teleportation {@r4}
 j - a scroll of poison {!r}
 m - a scroll of torment {unknown}
 t - a scroll of blinking
Potions
 b - 2 potions of ambrosia
 e - a potion of brilliance {unknown}
 g - a potion of lignification {unknown}
 i - 3 potions of curing {unknown}
 n - 2 potions of attraction {unknown}
 o - 3 potions of might {unknown}
 p - 2 potions of cancellation {unknown}

Dungeon Overview and Level Annotations

Branches:
Dungeon (5/15)
 Temple: D:4-7

Altars:
Cheibriados
Elyvilon

Annotations:
D:3 3 runed translucent doors, NotYourErnst's ghost, amateur DrNe
D:5 Pikel

▒▒.▒.▒.▒▒▒.......▒
▒.▒▒▒▒▒.▒▒.......▒
▒▒.▒.▒.▒▒▒.......▒
▒▒...▒▒ ▒.......▒
▒...▒▒▒▒......▒▒▒
▒...▒▒.▒$.......▒
▒..)▒..▒▒.▒
▒.....5Ks5▒▒▒
▒.....T▒5...▒ .▒▒▒▒▒
▒▒▒....▒▒.▒..▒.▒▒).[▒▒
▒.......▒▒...▒..≈..▒
▒▒▒▒▒▒..▒ ▒▒.▒.≈≈≈.▒
▒..▒▒▒..▒.≈≈≈.▒
▒.......▒.≈≈≈.▒.
▒▒....▒.▒..≈..▒.
▒).▒.▒.▒▒...▒▒.
▒▒▒..▒....▒...▒..


You could see Pikel, 2 lemures and a scorpion.


Message History

Pikel is heavily wounded.
The lemure hits you.
Pikel hits you with a +2 whip of freezing!
* * * LOW HITPOINT WARNING * * *
Pikel freezes you.
* * * LOW HITPOINT WARNING * * *
Unknown command.
You claw Pikel!
Pikel is almost dead.
The lemure hits you!
* * * LOW HITPOINT WARNING * * *
Pikel completely misses you.
You barely miss Pikel.
Pikel is almost dead.
The lemure hits you!
* * * LOW HITPOINT WARNING * * *
Pikel says, "Hell isn't that bad."
Pikel hits you with a +2 whip of freezing!
* * * LOW HITPOINT WARNING * * *
Pikel freezes you.
* * * LOW HITPOINT WARNING * * *
You scratch Pikel.
Pikel is almost dead.
The lemure hits you.
* * * LOW HITPOINT WARNING * * *
Pikel hits you with a +2 whip of freezing!
* * * LOW HITPOINT WARNING * * *
Pikel freezes you.
You die...
Pikel says, "See you in Hell!"

Action                     |  1- 3 |  4- 6 |  7- 9 || total
---------------------------+-------+-------+-------++-------
  Melee: Unarmed           |    70 |    43 |    85 ||   198
    Use: Scroll            |       |       |     3 ||     3
 Armour: Robe              |    37 |    21 |    55 ||   113
  Dodge: Dodged            |    32 |    20 |    40 ||    92

Levels and vault maps discovered:
D:1:      scummos_arrival_gate, layout_loops_corners, serial_forest,
          infiniplex_forest_end_3, infiniplex_forest_lined_room_2,
          infiniplex_forest_clump_large, infiniplex_forest_clump_small,
          infiniplex_forest_lined_4_way, infiniplex_forest_straight_1,
          wander_ebering_terrifying_dragon_lair
D:2:      layout_basic, basic_altar, uniq_crazy_yiuf_cottage
D:3:      layout_rooms, elyvilon_altar_1, gammafunk_ghost_nasty_kobolds,
          basic_ecumenical_altar
D:4:      layout_loops_ring, mainiacjoe_overflow_alcove_4, minivault_24,
          minmay_manual_maat, uniq_grinder, uniq_edmund
D:5:      layout_rooms, mainiacjoe_overflow_24_doors,
          minmay_temple_entry_slanted, portal_sewer_entry_e,
          nicolae_ossuary_entry_monument, serial_shops, kennysheep_mini,
          serial_library_hellmonk_narrow_alcove,
          hangedman_decor_clover_reticule, minmay_fire_ice_demons, uniq_pikel,
          uniq_ijyb

Notes
Turn   | Place    | Note
-------+----------+-------------------------------------------
     0 | D:1      | sanka the Troll Monk began the quest for the Orb.
     0 | D:1      | Reached XP level 1. HP: 22/22 MP: 0/0
   292 | D:1      | Reached XP level 2. HP: 29/29 MP: 1/1
  1137 | D:2      | Found a white marble altar of Elyvilon.
  1246 | D:2      | Reached skill level 3 in Fighting
  1275 | D:2      | Reached XP level 3. HP: 37/37 MP: 2/2
  1379 | D:2      | Found a runed translucent door.
  1380 | D:2      | Noticed Crazy Yiuf
  1446 | D:2      | Identified the +2 sling "Diddi" {flame, ^Drain rF+ SInv}
  1665 | D:2      | Killed Crazy Yiuf
  1666 | D:2      | Reached skill level 4 in Unarmed Combat
  1675 | D:2      | Identified the +6 hammer of the Land of Plenty {heavy,
                  | *Corrode *Slow rPois Will+++}
  1745 | D:3      | Noticed NotYourErnst's ghost (amateur DrNe)
  1746 | D:3      | Found a runed translucent gate.
  1746 | D:3      | Noticed a kobold brigand
  1747 | D:3      | Found a runed translucent gate.
  1747 | D:3      | Found a runed translucent gate.
  1800 | D:3      | Reached XP level 4. HP: 37/45 MP: 1/3
  1841 | D:3      | Found a faded altar of an unknown god.
  2054 | D:3      | Reached skill level 5 in Unarmed Combat
  2124 | D:3      | Found a white marble altar of Elyvilon.
  2438 | D:4      | Noticed an orc warrior
  2438 | D:4      | Noticed an ice beast
  2445 | D:4      | Killed an ice beast
  2446 | D:4      | Reached XP level 5. HP: 41/53 MP: 2/4
  2448 | D:4      | Killed an orc warrior
  2449 | D:4      | Reached skill level 6 in Unarmed Combat
  2449 | D:4      | Reached XP level 6. HP: 45/61 MP: 1/5
  2636 | D:4      | Noticed Grinder
  2643 | D:4      | Killed Grinder
  2644 | D:4      | Reached skill level 7 in Unarmed Combat
  2701 | D:4      | Found the +18 Lear's hauberk
  2719 | D:4      | Reached XP level 7. HP: 65/67 MP: 4/6
  2780 | D:4      | Reached skill level 8 in Unarmed Combat
  2792 | D:4      | Noticed Edmund
  2801 | D:4      | Killed Edmund
  2927 | D:4      | Reached skill level 9 in Unarmed Combat
  3184 | D:4      | Found a snail-covered altar of Cheibriados.
  3207 | D:5      | Entered Level 5 of the Dungeon
  3274 | D:5      | Reached XP level 8. HP: 75/75 MP: 7/7
  3316 | D:5      | Reached skill level 10 in Unarmed Combat
  3336 | D:5      | Noticed Pikel
  3363 | D:5      | HP: 1/75 [Pikel/+2 whip of freezing (7)]
  3363 | D:5      | Slain by Pikel

Vanquished Creatures
  Grinder (D:4)
  Edmund (D:4)
  A water moccasin (D:5)
  An orc warrior (D:4)
  An ice beast (D:4)
  A black bear (D:4)
  A lemure (D:5)
  2 scorpions (D:4)
  A crimson imp (D:5)
  Crazy Yiuf (D:2)
  4 hounds
  An iguana (D:5)
  2 orc wizards
  An adder (D:4)
  A white imp (D:5)
  2 dart slugs
  2 ribbon worms
  3 orcs
  3 ball pythons
  3 bats
  5 endoplasms
  3 giant cockroaches
  9 goblins
  9 hobgoblins
  2 kobolds (D:2)
  4 quokkas
  5 frilled lizards
  4 rats
74 creatures vanquished.
